 Dungeon Crawl Stone Soup version 0.22.1-2-g9c5b331 (webtiles) character file.

17826 nicolaieve the Peltast (level 12, -1/90 HPs)
             Began as a Minotaur Berserker on Dec 19, 2018.
             Was a High Priest of Trog.
             Killed from afar by a lindwurm (15 damage)
             ... with a blast of flame
             ... on level 2 of the Lair of Beasts.
             The game lasted 00:35:58 (9131 turns).

nicolaieve the Peltast (Minotaur Berserker)         Turns: 9131, Time: 00:35:58

Health: -1/90      AC: 25    Str: 23    XL:     12   Next: 22%
Magic:  11/11      EV:  9    Int:  4    God:    Trog [*****.]
Gold:   637        SH: 14    Dex: 14    Spells: 11/11 levels left

rFire    . . .     SeeInvis .   B - +1 flail (protect)
rCold    . . .     Gourm    .   A - +0 shield
rNeg     . . .     Faith    .   e - +2 chain mail {MR+}
rPois    +         Spirit   .   (helmet restricted)
rElec    .         Reflect  .   w - +1 cloak
rCorr    .         Harm     .   (no gloves)
MR       +....                  k - +0 pair of boots
Stlth    ..........             (no amulet)
HPRegen  0.25/turn              v - +1 ring of protection
MPRegen  0.12/turn              p - ring of poison resistance

@: protection aura, berserk cooldown, fainting, slowed, very slow
A: retaliatory headbutt, horns 2
a: Berserk, Trog's Hand, Brothers in Arms, Renounce Religion


You were on level 2 of the Lair of Beasts.
You worshipped Trog.
Trog was extremely pleased with you.
You were fainting.

You visited 2 branches of the dungeon, and saw 11 of its levels.

You collected 637 gold pieces.

Inventory:

Hand Weapons
 q - a +0 hunting sling
 t - a +0 morningstar
 B - a +1 flail of protection (weapon)
 D - a +0 whip of freezing
 G - a +2 mace of draining
Missiles
 l - 283 stones (quivered)
 y - 102 sling bullets
Armour
 e - a +2 chain mail of magic resistance (worn)
 k - a +0 pair of boots (worn)
 w - a +1 cloak (worn)
 A - a +0 shield (worn)
 F - a scarf of resistance
Jewellery
 n - an uncursed ring of stealth
 p - a ring of poison resistance (right hand)
 r - an uncursed ring of protection from cold
 v - a +1 ring of protection (left hand)
 K - a +2 ring of dexterity
Wands
 u - a wand of acid (13)
Scrolls
 f - a scroll of identify
 i - a scroll of immolation
 j - 7 scrolls of remove curse
 m - a scroll of fog {unknown}
 s - 4 scrolls of enchant weapon {unknown}
 x - a scroll of noise {unknown}
 z - 5 scrolls of teleportation {unknown}
 C - a scroll of enchant armour {unknown}
 E - 3 scrolls of fear {unknown}
 I - 2 scrolls of holy word {unknown}
 N - a scroll of torment {unknown}
Potions
 a - a potion of flight
 b - 2 potions of heal wounds
 d - 7 potions of curing
 g - 2 potions of mutation
 h - a potion of lignification
 o - 2 potions of might
Comestibles
 c - 28 rations
 H - 11 chunks of flesh


   Skills:
 - Level 3.6 Fighting
 - Level 14.9 Maces & Flails
 * Level 10.3 Armour
 - Level 2.1 Dodging
 - Level 15.0 Shields


You had 11 spell levels left.
You didn't know any spells.
Your spell library was empty.

Dungeon Overview and Level Annotations

Branches:
Dungeon (9/15)             Temple (0/1) D:7            Lair (2/6) D:9
    Orc (0/2) D:9
  Swamp: Lair:2-4    Shoals: Lair:2-4     Snake: Lair:2-4    Spider: Lair:2-4

Altars:
Ashenzari
Cheibriados
Dithmenos
Elyvilon
Hepliaklqana
Kikubaaqudgha
Makhleb
Nemelex Xobeh
Wu Jian
Zin
The Shining One
Beogh


Innate Abilities, Weirdness & Mutations

You reflexively headbutt those who attack you in melee.
You have a pair of horns on your head.


Message History

The lindwurm barely misses you.
The lindwurm claws you but does no damage.
You block the lindwurm's attack.
You barely miss the lindwurm.
The lindwurm is heavily wounded.
The lindwurm bites you.
* * * LOW HITPOINT WARNING * * *
The lindwurm claws you but does no damage. x2
You hit the lindwurm but do no damage.
The lindwurm is heavily wounded.
The lindwurm bites you!
* * * LOW HITPOINT WARNING * * *
You block the lindwurm's attack.
The lindwurm claws you but does no damage.
Unknown command.
You hit the lindwurm.
The lindwurm is severely wounded.
The lindwurm breathes flames at you. The blast of flame hits you!
You die...

...............
...............
...............
...###'''###...
#######8P....♣####
#..)(#........♣#..
#...$#<........'..
#k..♣#...P≈≈...'÷.
#@.♣ ♣P.P≈≈≈≈.♣#..
#'####♣########♣#'
#.P.♣#PP≈≈≈≈≈≈.#P†
#....+.♣P≈≈≈≈..♣P.
#....+.........#..
#....#...P.....♣..
#♣...#....⌠....♣..
♣♣...............
♣♣.......♣......≈


You could see a lindwurm.

Vanquished Creatures
  3 hydras
  A two-headed ogre (D:9)
  Pikel (D:5)
  2 black mambas (Lair:1)
  Joseph (D:8)
  3 rime drakes
  5 spiny frogs
  2 komodo dragons
  A hornet (Lair:2)
  Prince Ribbit (D:7)
  8 blink frogs (Lair:2)
  A wraith (D:8)
  Eustachio (D:6)
  A human (D:9)
  11 yaks
  4 hogs (D:9)
  Edmund (D:5)
  Menkaure (D:6)
  Duvessa (D:7)
  4 water moccasins
  9 porcupines
  An ice beast (D:6)
  4 slaves (D:5)
  3 sky beasts
  6 ogres
  A black bear (D:9)
  A necrophage (D:7)
  3 phantoms
  8 orc warriors
  3 centaurs
  6 crocodiles
  A big kobold (D:9)
  9 bullfrogs
  Dowan (D:7)
  3 scorpions
  3 wights (D:7)
  3 howler monkeys (D:9)
  2 crimson imps
  A bullfrog zombie (D:6)
  2 jellies
  A quasit (D:5)
  Crazy Yiuf (D:6)
  A hound (D:7)
  3 orc priests (D:9)
  7 orc wizards
  A centaur skeleton (D:6)
  2 iguanas
  5 worker ants
  3 hell rats (Lair:1)
  9 adders
  7 gnolls
  A howler monkey skeleton (D:2)
  3 river rats
  3 shadow imps (D:6)
  An ooze (D:2)
  3 worms
  5 leopard geckos
  45 orcs
  3 ball pythons
  7 giant cockroaches
  10 goblins
  2 hobgoblins (D:1)
  11 jackals
  2 quokkas
  6 bats
  5 frilled lizards
  9 kobolds
  A leopard gecko zombie (D:5)
  11 rats
  2 fungi (D:6)
  A plant (Lair:2)
294 creatures vanquished.

Vanquished Creatures (others)
  A quokka (D:6)
  11 plants (Lair:2)
12 creatures vanquished.

Grand Total: 306 creatures vanquished

Notes
Turn   | Place    | Note
-------+----------+-------------------------------------------
     0 | D:1      | nicolaieve the Minotaur Berserker began the quest for the
                  | Orb.
     0 | D:1      | Reached XP level 1. HP: 19/19 MP: 0/0
    13 | D:1      | You fall through a shaft!
   195 | D:1      | Reached XP level 2. HP: 10/26 MP: 1/1
   782 | D:2      | Reached skill level 5 in Maces & Flails
   782 | D:2      | Reached XP level 3. HP: 20/31 MP: 2/2
   848 | D:2      | Reached ** piety under Trog
   963 | D:2      | Reached XP level 4. HP: 27/39 MP: 3/3
  1606 | D:3      | Found a sparkling altar of Nemelex Xobeh.
  1814 | D:3      | Reached XP level 5. HP: 41/45 MP: 4/4
  2589 | D:4      | Noticed an ogre
  2598 | D:4      | Killed an ogre
  2598 | D:4      | Reached XP level 6. HP: 31/51 MP: 5/5
  2716 | D:4      | Reached *** piety under Trog
  2736 | D:4      | Reached XP level 7. HP: 57/57 MP: 6/6
  2933 | D:4      | Reached skill level 10 in Maces & Flails
  3115 | D:5      | Entered Level 5 of the Dungeon
  3141 | D:5      | Noticed Edmund
  3152 | D:5      | Killed Edmund
  3201 | D:5      | Noticed Pikel
  3211 | D:5      | Killed Pikel
  3211 | D:5      | Reached skill level 2 in Shields
  3211 | D:5      | Reached XP level 8. HP: 51/64 MP: 7/7
  3485 | D:5      | Reached skill level 3 in Shields
  3926 | D:6      | Found an ancient bone altar of Kikubaaqudgha.
  3972 | D:6      | Found a white marble altar of Elyvilon.
  4047 | D:6      | Reached skill level 4 in Shields
  4077 | D:6      | Noticed Eustachio
  4101 | D:6      | Killed Eustachio
  4168 | D:6      | Reached skill level 5 in Shields
  4168 | D:6      | Reached XP level 9. HP: 61/70 MP: 8/8
  4297 | D:6      | Noticed Menkaure
  4306 | D:6      | Killed Menkaure
  4410 | D:6      | Reached skill level 6 in Shields
  4457 | D:6      | Found a shadowy altar of Dithmenos.
  4655 | D:6      | Found a runed door.
  4659 | D:6      | Noticed Crazy Yiuf
  4662 | D:6      | Killed Crazy Yiuf
  4817 | D:7      | Noticed Duvessa
  4817 | D:7      | Noticed Dowan
  4834 | D:7      | Killed Duvessa
  4839 | D:7      | Killed Dowan
  4924 | D:7      | Reached **** piety under Trog
  4946 | D:7      | Reached skill level 7 in Shields
  5052 | D:7      | Noticed Prince Ribbit
  5071 | D:7      | Killed Prince Ribbit
  5104 | D:7      | Reached skill level 8 in Shields
  5263 | D:7      | Found a staircase to the Ecumenical Temple.
  5418 | D:7      | Found a glowing silver altar of Zin.
  5418 | D:7      | Found a shattered altar of Ashenzari.
  5721 | D:8      | Reached skill level 9 in Shields
  5805 | D:8      | Noticed Joseph
  5828 | D:8      | Killed Joseph
  5828 | D:8      | Reached XP level 10. HP: 53/77 MP: 9/9
  6340 | D:8      | Reached skill level 10 in Shields
  6469 | D:9      | Found a glowing golden altar of the Shining One.
  6600 | D:9      | Noticed a two-headed ogre
  6606 | D:9      | Killed a two-headed ogre
  6606 | D:9      | Reached skill level 11 in Shields
  6665 | D:9      | Found an ornate altar of the Wu Jian Council.
  6819 | D:9      | Found a roughly hewn altar of Beogh.
  6819 | D:9      | Found a staircase to the Orcish Mines.
  6838 | D:9      | Reached skill level 12 in Shields
  6885 | D:9      | Reached ***** piety under Trog
  7041 | D:9      | Found a burning altar of Makhleb.
  7041 | D:9      | Found a hazy altar of Hepliaklqana.
  7041 | D:9      | Found a snail-covered altar of Cheibriados.
  7077 | D:9      | Found a staircase to the Lair.
  7320 | Lair:1   | Entered Level 1 of the Lair of Beasts
  7331 | Lair:1   | Noticed a spiny frog
  7355 | Lair:1   | Killed a spiny frog
  7355 | Lair:1   | Reached XP level 11. HP: 69/82 MP: 10/10
  7389 | Lair:1   | Reached skill level 13 in Shields
  7912 | Lair:1   | Noticed a four-headed hydra
  7925 | Lair:1   | Killed a four-headed hydra
  7925 | Lair:1   | Reached skill level 5 in Armour
  8022 | Lair:1   | Reached skill level 14 in Shields
  8532 | Lair:2   | Noticed an eight-headed hydra
  8542 | Lair:2   | Killed an eight-headed hydra
  8686 | Lair:2   | Reached XP level 12. HP: 21/90 MP: 11/11
  8995 | Lair:2   | Reached skill level 15 in Shields
  9065 | Lair:2   | Noticed a five-headed hydra
  9075 | Lair:2   | Killed a five-headed hydra
  9075 | Lair:2   | Reached skill level 10 in Armour
  9131 | Lair:2   | Killed from afar by a lindwurm

Skill      XL: |  1  2  3  4  5  6  7  8  9 10 11 12 |
---------------+-------------------------------------+-----
Maces & Flails | 4 5 6 7 8 9 11 13 14 | 14.9
Shields        | 2 5 9 12 14 15 | 15.0
Armour         | 8 10 | 10.3
Fighting       | |  3.6
Dodging        | |  2.1

Action                   |  1- 3 |  4- 6 |  7- 9 | 10-12 || total
-------------------------+-------+-------+-------+-------++-------
Melee: Mace              |    57 |    34 |       |       ||    91
       Headbutt          |     7 |    16 |    81 |   107 ||   211
       Morningstar       |       |    84 |    23 |       ||   107
       Flail             |       |       |   321 |   553 ||   874
 Fire: Hunting sling     |       |       |       |     2 ||     2
Invok: Berserk           |     2 |     1 |     6 |    10 ||    19
       Trog's Hand       |       |     2 |     2 |     7 ||    11
  Use: Scroll            |       |       |     8 |     3 ||    11
       Potion            |       |       |       |     3 ||     3
 Stab: Sleeping          |     2 |       |       |       ||     2
       Distracted        |       |       |     1 |       ||     1
  Eat: Chunk             |     2 |     7 |    14 |    17 ||    40
       Ration            |       |       |     1 |     1 ||     2
Armor: Animal skin       |    23 |       |       |       ||    23
       Ring mail         |       |    12 |       |       ||    12
       Scale mail        |       |    33 |     5 |       ||    38
       Chain mail        |       |       |   126 |   166 ||   292
       Skin              |       |       |       |     8 ||     8
Dodge: Dodged            |    56 |    54 |    53 |    95 ||   258
Block: Shield            |       |       |   121 |   303 ||   424
